 Dungeon Crawl Stone Soup version 0.30.1-4-g462c640d31 (webtiles) character file.

Game seed: 1747874923443149846

139713 wingedge the Devastator (level 16, -2/132 HPs)
             Began as a Demigod Earth Elementalist on Aug 17, 2023.
             Constricted to death by a naga warrior (5 damage)
             ... on level 3 of the Snake Pit.
             The game lasted 02:11:42 (38877 turns).

wingedge the Devastator (DgEE)                     Turns: 38877, Time: 02:11:43

Health: -2/132     AC:  8    Str: 17    XL:     16   Next: 23%
Magic:  18/35      EV: 10    Int: 33    God:
Gold:   1624       SH: 10    Dex: 14    Spells: 2/36 levels left

rFire   + + +        a - staff of conjuration "Fugarph Zydi" {Will++ Str-2 SInv Stlth-}
rCold   + + .        R - +0 kite shield
rNeg    + . .        P - +0 troll leather armour
rPois   +            S - -2 hat of the Alchemist {rElec rPois rF+ rC+ rN+ Will+ rMut rCorr}
rElec   +            j - scarf {rC+ rF+}
rCorr   +            F - +2 pair of gloves
SInv    +            T - +1 pair of boots
Will    +++++        X - amulet of magic regeneration
Stlth   ++           q - ring of wizardry
HPRegen 1.22/turn    l - ring of Widoow {rF+ Will+ Str+6}
MPRegen 0.64/turn

%: resist mutation, wizardry (x1)
@: constricted
A: high MP 1, forlorn, divine attributes
a: no special abilities


You were on level 3 of the Snake Pit.
You visited 4 branches of the dungeon, and saw 25 of its levels.
You also visited: Sewer and Ice Cave.

You collected 3152 gold pieces.
You spent 1528 gold pieces at shops.

Inventory:

Hand Weapons
 b - a +2 spectral demon blade
 d - the +2 falchion of Ritijos {holy, Int+8}
   (You found it on level 11 of the Dungeon)

   Int:       It affects your intelligence (+8).
Missiles
 C - 8 curare-tipped darts
Armour
 j - a scarf of resistance (worn)
 F - a +2 pair of gloves (worn)
 P - a +0 troll leather armour (worn)
 Q - a +0 buckler
 R - a +0 kite shield (worn)
 S - the -2 hat of the Alchemist (worn) {rElec rPois rF+ rC+ rN+ Will+ rMut rCorr}
   (You found it on level 5 of the Lair of Beasts)

   rF:        It protects you from fire.
   rC:        It protects you from cold.
   rElec:     It insulates you from electricity.
   rPois:     It protects you from poison.
   rN:        It protects you from negative energy.
   rCorr:     It protects you from acid and corrosion.
   rMut:      It protects you from mutation.
   Will:      It increases your willpower.
 T - a +1 pair of boots (worn)
Magical Staves
 a - the staff of conjuration "Fugarph Zydi" (weapon) {Will++ Str-2 SInv Stlth-}
   (You acquired it on level 5 of the Dungeon)

   [staff of conjuration]

   Base accuracy: +5 Base damage: 5 Base attack delay: 1.2 This weapon's minimum
   attack delay (0.6) is reached at skill level 12.
   Str:       It affects your strength (-2).
   SInv:      It lets you see invisible.
   Will:      It greatly increases your willpower.
   Stlth:     It makes you less stealthy.
   It falls into the 'Staves' category.
   It is a one-handed weapon.
Jewellery
 l - the ring of Widoow (right hand) {rF+ Will+ Str+6}
   (You found it on level 12 of the Dungeon)

   [ring of strength]

   Str:       It affects your strength (+6).
   rF:        It protects you from fire.
   Will:      It increases your willpower.
 q - a ring of wizardry (left hand)
 G - a ring of positive energy
 M - a +4 ring of protection
 X - an amulet of magic regeneration (around neck)
 Y - a ring of poison resistance
Wands
 I - a wand of iceblast (27)
 J - a wand of mindburst (16)
 N - a wand of acid (7)
 U - a wand of paralysis (27)
 Z - a wand of digging (9)
Scrolls
 f - 6 scrolls of poison
 h - 4 scrolls of fear
 m - 3 scrolls of identify
 o - a scroll of summoning
 r - 6 scrolls of teleportation
 x - a scroll of magic mapping
 y - 5 scrolls of amnesia
 z - 10 scrolls of fog
 A - 5 scrolls of enchant weapon
 H - 3 scrolls of brand weapon
 O - a scroll of enchant armour
Potions
 e - a potion of cancellation
 g - 2 potions of resistance
 i - 6 potions of heal wounds
 k - 5 potions of magic
 n - 5 potions of haste
 p - 4 potions of brilliance
 s - 13 potions of curing
 t - 2 potions of berserk rage
 v - 4 potions of might
 B - 2 potions of flight
 D - 4 potions of mutation
 E - 3 potions of invisibility
 K - 5 potions of lignification
 L - 5 potions of attraction
 W - 8 potions of ambrosia
Miscellaneous
 u - a phial of floods
 V - a box of beasts


   Skills:
 + Level 9.0 Fighting
 * Level 2.7 Long Blades
 + Level 5.8 Armour
 + Level 6.5 Dodging
 - Level 5.0 Stealth
 + Level 6.3 Shields
 * Level 10.9 Spellcasting
 + Level 15.1 Conjurations
 * Level 4.7 Necromancy
 - Level 0.8 Transmutations
 - Level 8.0 Ice Magic
 - Level 11.0 Air Magic
 - Level 7.0 Earth Magic


You had 2 spell levels left.
You knew the following spells:

 Your Spells              Type           Power      Damage    Failure   Level
a - Borgnjor's Vile Clut  Necr/Erth      27%        N/A       8%          5
b - Stone Arrow           Conj/Erth      100%       3d13      1%          3
c - Arcjolt               Conj/Air       51%        1d61      1%          5
d - Hailstorm             Conj/Ice       96%        3d19      1%          3
e - Freezing Cloud        Conj/Ice/Air   48%        6-21      1%          5
f - Conjure Ball Lightni  Conj/Air       51%        3x3d18    2%          6
o - Orb of Destruction    Conj           54%        9d14      5%          7

Your spell library contained the following spells:

 Spells                   Type           Power      Damage    Failure   Level
 Magic Dart               Conj           100%       1d8       0%          1
 Searing Ray              Conj           100%       2d8       0%          2
 Foxfire                  Conj/Fire      100%       2x1d9     1%          1
 Freeze                   Ice            100%       1d10      1%          1
 Sandblast                Erth           100%       2d20      1%          1
 Cigotuvi's Dreadful Rot  Necr/Pois/Air  100%       N/A       1%          2
 Ensorcelled Hibernation  Hex/Ice        88%        N/A       1%          2
 Passwall                 Tmut/Erth      35%        N/A       1%          2
 Poisonous Vapours        Pois/Air       100%       N/A       1%          2
 Sublimation of Blood     Necr           49%        N/A       1%          2
 Beastly Appendage        Tmut           46%        N/A       2%          1
 Sting                    Tmut/Pois      80%        1d7       2%          1
 Wereblood                Tmut           23%        N/A       3%          2
 Dazzling Flash           Conj/Hex       100%       N/A       1%          3
 Frozen Ramparts          Ice            100%       1d16      1%          3
 Vhi's Electric Charge    Tloc/Air       100%       N/A       1%          3
 Flame Wave               Conj/Fire      80%        2d17      1%          4
 Fulminant Prism          Conj/Hex       40%        3d19      1%          4
 Iskenderun's Mystic Bla  Conj/Tloc      80%        2d16      1%          4
 Irradiate                Conj/Tmut      41%        3d25      3%          5
 Animate Dead             Necr           49%        N/A       4%          4
 Fireball                 Conj/Fire      40%        3d16      4%          5
 Petrify                  Tmut/Erth      43%        N/A       6%          4
 Summon Ice Beast         Ice/Summ       44%        N/A       6%          4
 Spider Form              Tmut/Pois      20%        N/A       8%          3
 Animate Armour           Summ/Erth      82%        N/A       8%          4
 Leda's Liquefaction      Hex/Erth       20%        N/A       8%          4
 Call Canine Familiar     Summ           17%        N/A       9%          3
 Gell's Gravitas          Tloc           17%        N/A       9%          3
 Ignite Poison            Fire/Tmut/Pois 19%        N/A       9%          3
 Portal Projectile        Hex/Tloc       34%        N/A       9%          3
 Teleport Other           Tloc           17%        N/A       9%          3
 Volatile Blastmotes      Fire/Tloc      34%        2d12      9%          3
 Silence                  Hex/Air        26%        N/A       9%          5
 Anguish                  Hex/Necr       16%        N/A       12%         4
 Metabolic Englaciation   Hex/Ice        22%        N/A       16%         5
 Starburst                Conj/Fire      40%        6d11      21%         6
 Cause Fear               Hex            8%         N/A       28%         4
 Olgreb's Toxic Radiance  Pois           17%        N/A       28%         4
 Plasma Beam              Fire/Air       26%        2x1d42    43%         6
 Alistair's Intoxication  Tmut/Pois      13%        N/A       54%         5
 Summon Forest            Summ/Tloc      8%         N/A       61%         5
 Summon Mana Viper        Hex/Summ       17%        N/A       61%         5
 Statue Form              Tmut/Erth      28%        N/A       65%         6
 Lehudib's Crystal Spear  Conj/Erth      47%        10d11     88%         8
 Dispersal                Tloc           8%         N/A       98%         6
 Eringya's Noxious Bog    Tmut/Pois      10%        N/A       98%         6
 Summon Cactus Giant      Summ           8%         N/A       98%         6
 Enfeeble                 Hex            8%         N/A       100%        7
 Monstrous Menagerie      Summ           8%         N/A       100%        7
 Discord                  Hex            8%         N/A       100%        8
 Disjunction              Tloc           8%         N/A       100%        8


Dungeon Overview and Level Annotations

Branches:
Dungeon (15/15)            Temple (0/1) D:5            Lair (5/5) D:9
 Shoals (0/4) Lair:3        Snake (3/4) Lair:2        Slime (0/5) Lair:5
    Orc (2/2) D:11            Elf (0/3) Orc:2        Vaults (0/5) D:14
 Depths (0/4) D:15          Sewer (visited)           IceCv (visited)

Shops:
D:2 ?   D:6 =*!   D:8 *   D:14 [   Orc:2 ![(*   Snake:1 (

Annotations:
D:1 dig for spike ogre


Innate Abilities, Weirdness & Mutations

You have an increased reservoir of magic. (+10% MP)
You shall have no god before yourself.
Your divine heritage dramatically boosts your attributes as you level up.


Message History

The naga warrior shouts!
Zombie hands grab the naga warrior.
The zombie hands constrict the naga warrior!
The naga warrior escapes!
Casting: Borgnjor's Vile Clutch (dangerous; 8% risk of failure)
Confirm with . or Enter, or press ? or * to list all spells.
Aiming: Orb of Destruction (dangerous; 5% risk of failure)
Press: ? - help, Shift-Dir - straight line, f/p - naga warrior
Aim: a naga warrior, wielding a +0 battleaxe (lightly wounded)
You feel a surge of power! The naga warrior barely misses you.
You block the naga warrior's attack.
Your orb of destruction hits a rock wall.
The naga warrior spits poison at you. The splash of poison hits you.
You resist.
The naga warrior hits you with a +0 glaive!
You block the naga warrior's attack. The naga warrior spits poison at you.
You block the splash of poison.
The naga warrior roars a battlecry!
The naga warrior goes into a battle-frenzy!
The naga warrior hits you with a +0 glaive!!
The naga warrior grabs you. The naga warrior constricts you.
Casting: Orb of Destruction (dangerous; 5% risk of failure)
Confirm with . or Enter, or press ? or * to list all spells.
You feel a surge of power!
Electricity surges outward!
The naga warrior is struck by an electric surge.
The naga warrior hits you with a +0 glaive!!
The naga warrior constricts you.
Casting: Arcjolt (mildly dangerous; 1% risk of failure)
Confirm with . or Enter, or press ? or * to list all spells.
Aiming: Borgnjor's Vile Clutch (dangerous; 8% risk of failure)
Press: ? - help, Shift-Dir - straight line, f/p - naga warrior
Aim: a naga warrior, wielding a +0 battleaxe (lightly wounded, 100% to hit)
Zombie hands grab the naga warrior. x2
The zombie hands constrict the naga warrior!
The zombie hands constrict the naga warrior.
The naga warrior hits you with a +0 glaive!!!
* * * LOW HITPOINT WARNING * * *
The naga warrior constricts you.
You die...

#.).### #....##
#.#..# ####.##
#).#.## #.# ###
....)## #..##
#....# ##..).#
# .)..# #....#
.#...#####...#
.. #...##....#
#..#..N@#
#..N..##
##...###
##########....#
.............##
.....[......##
....#.#....##
############


You could see 2 naga warriors.

Vanquished Creatures
  Rupert (Lair:4)
  Asterion (Snake:2)
  A sphinx (D:12)
  Agnes (D:14)
  Kirke (D:14)
  A nagaraja (Snake:2)
  A fire giant (D:12)
  Aizul (Snake:1)
  Louise (Snake:3)
  2 reapers (IceCv)
  An ironbound preserver (D:14)
  A stone giant (D:15)
  Nessos (D:12)
  A dire elephant (Lair:5)
  A fire dragon (Lair:5)
  Erolcha (D:12)
  10 hydras
  A rakshasa (D:15)
  A salamander tyrant (Snake:3)
  2 catoblepae
  7 centaur warriors
  Erica (D:11)
  4 two-headed ogres
  5 boulder beetles
  2 anacondas
  A tengu warrior (D:13)
  3 death yaks (Lair:5)
  6 naga warriors
  4 shock serpents
  8 naga sharpshooters
  3 orc high priests (Orc:2)
  A deep elf knight (D:15)
  3 skysharks
  A skeletal warrior (D:12)
  A bog body (IceCv)
  2 naga ritualists (Snake:3)
  4 orc knights (Orc:2)
  A deep elf archer (D:15)
  2 spriggan simulacra (IceCv)
  2 swamp dragons
  A phantasmal warrior (D:12)
  5 deep elf pyromancers
  3 lindwurms (Lair:5)
  An obsidian statue (IceCv)
  6 mana vipers
  10 ugly things
  5 orc sorcerers (Orc:2)
  6 salamanders
  14 manticores
  A cyclops (D:14)
  21 black mambas
  6 naga magi
  A torpor snail (shapeshifter) (D:15)
  2 guardian serpents
  A torpor snail (Lair:5)
  3 gargoyles
  20 elephants
  6 rime drakes
  Maggie (D:6)
  14 cane toads
  13 komodo dragons
  8 freezing wraiths (IceCv)
  An efreet (D:15)
  2 tengu conjurers
  An anaconda simulacrum (IceCv)
  2 polar bears
  11 trolls
  A meliai (shapeshifter) (D:15)
  A wind drake (Lair:3)
  A queen bee (Lair:3)
  2 hornets
  4 blink frogs (Lair:5)
  Prince Ribbit (D:7)
  12 dream sheep
  10 slime creatures
  3 vampires
  Sigmund (D:6)
  3 shadows
  A centaur simulacrum (D:13)
  9 wraiths
  A wyvern (Lair:5)
  31 yaks
  2 hogs (D:14)
  A water elemental (D:15)
  8 basilisks
  4 vampire mosquitoes
  4 steam dragons
  A warg (Orc:2)
  Menkaure (D:4)
  4 minotaur simulacra (IceCv)
  7 acid dragons
  2 harpy simulacra (IceCv)
  A hydra simulacrum (IceCv)
  14 nagas
  22 water moccasins
  Duvessa (D:7)
  18 orc warriors
  A sky beast (D:8)
  A swamp drake (Lair:5)
  3 black bears
  An alligator simulacrum (IceCv)
  3 ogres
  10 centaurs
  13 wolves
  A phantom (D:5)
  Blork the orc (D:6)
  6 bullfrogs
  9 kobold brigands
  7 deep troll simulacra (IceCv)
  A scorpion (D:4)
  A gnoll sergeant (D:8)
  8 wights
  Dowan (D:7)
  25 killer bees (Lair:3)
  2 lindwurm simulacra (IceCv)
  6 howler monkeys
  A crimson imp (D:6)
  A quasit (D:7)
  2 hounds
  3 jellies
  12 orc priests
  A sleepcap (D:5)
  2 gnoll boudas
  5 iguanas
  27 orc wizards
  12 gnolls
  9 adders
  A shadow imp (D:7)
  7 white imps
  3 ufetubi
  2 worms
  5 dart slugs
  44 orcs
  3 ball pythons
  10 bats
  9 endoplasms
  3 giant cockroaches
  7 goblins
  3 hobgoblins
  A jackal (D:2)
  39 kobolds
  3 quokkas
  2 frilled lizards (D:2)
  11 rats
  A butterfly (Lair:2)
757 creatures vanquished.

Vanquished Creatures (collateral kills)
  3 ball lightnings
3 creatures vanquished.

Vanquished Creatures (others)
  A human (D:14)
  44 ball lightnings
  A butterfly (D:14)
46 creatures vanquished.

Grand Total: 806 creatures vanquished

Notes
Turn   | Place    | Note
-------+----------+-------------------------------------------
     0 | D:1      | wingedge the Demigod Earth Elementalist began the quest for
                  | the Orb.
     0 | D:1      | Reached XP level 1. HP: 14/14 MP: 5/5
   501 | D:1      | Reached XP level 2. HP: 20/20 MP: 7/7
   559 | D:1      | Noticed an ogre
   894 | D:2      | Found Eheoh's Magic Scroll Shoppe.
   899 | D:2      | Bought a scroll of identify for 28 gold pieces
   899 | D:2      | Bought a scroll of noise for 14 gold pieces
  1171 | D:2      | Reached XP level 3. HP: 26/26 MP: 6/8
  1769 | D:3      | Reached skill level 1 in Conjurations
  2126 | D:3      | Reached XP level 4. HP: 33/33 MP: 7/10
  2646 | D:2      | Bought a scroll of amnesia for 56 gold pieces
  2646 | D:2      | Bought a scroll of fog for 56 gold pieces
  2669 | D:4      | Reached skill level 1 in Fighting
  2727 | D:4      | Learned a level 3 spell: Stone Arrow
  2840 | D:4      | Noticed a black bear
  2846 | D:4      | Killed a black bear
  2847 | D:4      | Reached skill level 2 in Conjurations
  2847 | D:4      | Reached XP level 5. HP: 41/41 MP: 7/12
  3149 | D:4      | Noticed Menkaure
  3151 | D:4      | Killed Menkaure
  3152 | D:4      | Reached XP level 6. HP: 50/50 MP: 6/13
  3517 | D:5      | Entered Level 5 of the Dungeon
  3634 | D:5      | Found a staircase to the Ecumenical Temple.
  3681 | D:5      | Reached skill level 3 in Conjurations
  3692 | D:5      | Reached skill level 1 in Armour
  3737 | D:5      | Found a glowing drain.
  3824 | Sewer    | Entered a sewer
  4003 | Sewer    | Reached XP level 7. HP: 57/57 MP: 13/15
  5205 | D:5      | Identified a scroll of acquirement
  5208 | D:5      | Acquired the staff of conjuration "Fugarph Zydi" {Will++
                  | Str-2 SInv Stlth-}
  5275 | D:6      | Noticed Maggie
  5283 | D:6      | Killed Maggie
  5284 | D:6      | Reached skill level 4 in Conjurations
  5284 | D:6      | Reached skill level 5 in Earth Magic
  5284 | D:6      | Reached XP level 8. HP: 58/66 MP: 1/17
  5590 | D:6      | Noticed Sigmund
  5605 | D:6      | Noticed Blork the orc
  5610 | D:6      | Killed Sigmund
  5615 | D:6      | Killed Blork the orc
  5787 | D:6      | Found Iduruhao's Jewellery Emporium.
  5907 | D:6      | Reached skill level 5 in Conjurations
  5981 | D:6      | Reached skill level 5 in Spellcasting
  6535 | D:6      | Found Niuwka's Distillery.
  6538 | D:6      | Found Piul Raf's Assorted Antiques.
  6549 | D:6      | Bought a lumpy grey potion for 25 gold pieces
  6695 | D:7      | Reached XP level 9. HP: 55/71 MP: 2/20
  7049 | D:7      | Reached skill level 1 in Ice Magic
  7192 | D:7      | Got the Teachings on Baneful Apparitions
  7383 | D:7      | Noticed Prince Ribbit
  7387 | D:7      | Killed Prince Ribbit
  7562 | D:7      | Noticed Dowan
  7563 | D:7      | Noticed Duvessa
  7846 | D:7      | Killed Duvessa
  7848 | D:7      | Killed Dowan
  8119 | D:8      | Reached skill level 6 in Conjurations
  8812 | D:8      | Reached skill level 1 in Air Magic
  9244 | D:8      | Found Udyjiwne's General Store.
  9253 | D:8      | Bought a potion of heal wounds for 60 gold pieces
  9253 | D:8      | Bought a potion of curing for 36 gold pieces
  9479 | D:8      | Reached skill level 5 in Fighting
  9691 | D:8      | Learned a level 5 spell: Arcjolt
  9728 | D:9      | Reached XP level 10. HP: 76/81 MP: 4/22
 10010 | D:9      | Noticed a two-headed ogre
 10017 | D:9      | Killed a two-headed ogre
 10018 | D:9      | Reached skill level 7 in Conjurations
 10454 | D:9      | Found a staircase to the Lair.
 10484 | D:9      | Reached skill level 1 in Shields
 10772 | D:10     | Entered Level 10 of the Dungeon
 11214 | D:10     | Learned a level 3 spell: Hailstorm
 11364 | D:10     | Got the Reference Book on Entrancing Arcane Weapons
 11371 | D:10     | Learned a level 5 spell: Freezing Cloud
 11417 | D:10     | Noticed a manticore
 11431 | D:10     | Killed a manticore
 11432 | D:10     | Reached skill level 5 in Air Magic
 12048 | D:6      | Bought a ring of wizardry for 390 gold pieces
 12135 | Lair:1   | Entered Level 1 of the Lair of Beasts
 12164 | Lair:1   | Noticed an elephant
 12164 | Lair:1   | Noticed an elephant
 12164 | Lair:1   | Noticed an elephant
 12165 | Lair:1   | Noticed an elephant
 12168 | Lair:1   | Killed an elephant
 12169 | Lair:1   | Killed an elephant
 12173 | Lair:1   | Killed an elephant
 12430 | Lair:1   | Reached XP level 11. HP: 86/86 MP: 3/24
 13063 | Lair:1   | Reached skill level 5 in Ice Magic
 14277 | Lair:2   | Noticed a four-headed hydra
 14283 | Lair:2   | Killed a four-headed hydra
 14455 | Lair:2   | Found a staircase to the Snake Pit.
 15530 | Lair:3   | Reached skill level 8 in Conjurations
 15754 | Lair:3   | Noticed a four-headed hydra
 15759 | Lair:3   | Killed a four-headed hydra
 15760 | Lair:3   | Reached skill level 5 in Shields
 15760 | Lair:3   | Reached XP level 12. HP: 94/95 MP: 13/25
 16384 | Lair:3   | Found a staircase to the Shoals.
 16710 | Lair:4   | Noticed a five-headed hydra
 16715 | Lair:4   | Killed a five-headed hydra
 16717 | Lair:4   | Noticed a six-headed hydra
 16870 | Lair:4   | Killed a six-headed hydra
 17436 | Lair:4   | Reached skill level 9 in Conjurations
 17526 | Lair:4   | Noticed Rupert
 17537 | Lair:4   | Killed Rupert
 18108 | Lair:4   | Noticed an eight-headed hydra
 18158 | Lair:4   | Killed an eight-headed hydra
 18496 | Lair:5   | Entered Level 5 of the Lair of Beasts
 18717 | Lair:5   | Reached XP level 13. HP: 85/105 MP: 1/26
 19402 | Lair:5   | Found a staircase to the Slime Pits.
 19905 | Lair:5   | Reached skill level 5 in Stealth
 20139 | Lair:5   | Reached skill level 10 in Conjurations
 20181 | Lair:5   | Learned a level 7 spell: Orb of Destruction
 20310 | Lair:5   | Reached skill level 10 in Air Magic
 20312 | Lair:5   | Reached skill level 5 in Dodging
 20956 | Lair:5   | Noticed a dire elephant
 21282 | Lair:5   | Killed a dire elephant
 21907 | Lair:5   | Found the -2 hat of the Alchemist {rElec rPois rF+ rC+ rN+
                  | Will+ rMut rCorr}
 22035 | Lair:5   | Got Onkudonu's Even More Thaumaturgy
 22513 | D:11     | Noticed Erica
 22519 | D:11     | Killed Erica
 22918 | D:11     | Found a staircase to the Orcish Mines.
 23523 | D:11     | Identified the +2 falchion of Ritijos {holy, Int+8}
 23611 | Orc:1    | Entered Level 1 of the Orcish Mines
 24155 | Orc:2    | Entered Level 2 of the Orcish Mines
 24172 | Orc:1    | Reached XP level 14. HP: 77/115 MP: 2/30
 24308 | Orc:2    | Reached skill level 11 in Conjurations
 25061 | Orc:2    | Found a staircase to the Elven Halls.
 25185 | Orc:2    | Found Jyimniuk's General Store.
 25990 | Orc:2    | Found Juxzes's Antique Weapon Emporium.
 26001 | Orc:2    | Found Virgh's Antique Armour Emporium.
 26133 | Orc:2    | Bought a potion of lignification for 33 gold pieces
 26133 | Orc:2    | Bought a scroll of magic mapping for 82 gold pieces
 26137 | Orc:2    | Found Feud's Distillery.
 26145 | Orc:2    | Bought a potion of magic for 88 gold pieces
 26145 | Orc:2    | Bought a potion of haste for 110 gold pieces
 26215 | D:12     | Noticed Nessos
 26220 | D:12     | Killed Nessos
 26222 | D:12     | Noticed Erolcha
 26357 | D:12     | Killed Erolcha
 26455 | D:12     | Reached skill level 12 in Conjurations
 26722 | D:12     | Found the +5 scythe "Finisher" {speed, execute}
 27495 | D:12     | Noticed a fire giant
 27500 | D:12     | Killed a fire giant
 27979 | D:12     | Noticed a sphinx
 27983 | D:12     | Killed a sphinx
 27993 | D:12     | Reached skill level 13 in Conjurations
 28127 | D:12     | Got the Notes on the Squall
 28128 | D:12     | Identified the ring of Widoow {rF+ Will+ Str+6}
 28135 | D:12     | Identified the +5 lajatang "Qykh" {speed, Dex+2}
 29076 | D:13     | You fall into a shaft and drop 2 floors!
 29076 | D:15     | Entered Level 15 of the Dungeon
 29114 | D:15     | Found a frozen archway.
 29180 | IceCv    | Entered an ice cave
 30569 | IceCv    | Noticed a reaper
 30580 | IceCv    | Killed a reaper
 30720 | IceCv    | Noticed a reaper
 30725 | IceCv    | Killed a reaper
 30726 | IceCv    | Reached skill level 14 in Conjurations
 30811 | IceCv    | Identified the +6 ice dragon scales of Elyvilon's Reproof
                  | {Harm rF- rC++ Dex+3}
 31439 | D:14     | Reached XP level 15. HP: 103/121 MP: 14/33
 31569 | D:14     | Found Gehunawy's Armour Shoppe.
 31833 | D:14     | Noticed Kirke
 31845 | D:14     | Killed Kirke
 32654 | D:13     | Learned a level 5 spell: Borgnjor's Vile Clutch
 32911 | D:13     | Reached skill level 10 in Spellcasting
 33432 | D:14     | Reached skill level 1 in Necromancy
 33440 | D:14     | Noticed Agnes
 33608 | D:14     | Killed Agnes
 33956 | D:14     | Found a gate to the Vaults.
 34436 | D:15     | Found a staircase to the Depths.
 35228 | Orc:2    | Bought a book of Chaos for 550 gold pieces
 35235 | Orc:2    | Learned a level 6 spell: Conjure Ball Lightning
 35420 | Snake:1  | Entered Level 1 of the Snake Pit
 35491 | Snake:1  | Reached skill level 5 in Armour
 35605 | Snake:1  | Noticed Aizul
 35674 | Snake:1  | Killed Aizul
 35928 | Snake:1  | Identified the amulet "Assa" {Faith rElec Int+5 Dex-2
                  | Slay+5}
 35985 | Snake:1  | Found Ynuahon's Weapon Shoppe.
 36091 | Snake:1  | You fall into a shaft and drop 1 floor!
 36099 | Snake:2  | Noticed a nagaraja
 36107 | Snake:2  | Killed a nagaraja
 36670 | Snake:2  | Noticed Asterion
 36678 | Snake:2  | Killed Asterion
 37019 | Snake:2  | Reached skill level 1 in Long Blades
 37521 | Snake:2  | Reached skill level 15 in Conjurations
 37848 | Snake:3  | Reached XP level 16. HP: 121/130 MP: 24/35
 38548 | Snake:3  | Noticed Louise
 38555 | Snake:3  | Killed Louise
 38877 | Snake:3  | HP: 3/132 [naga warrior/+0 glaive (47)]
 38877 | Snake:3  | Constricted to death by a naga warrior

Illustrated notes

Levels and vault maps discovered:
D:1:      evilmike_arrival_come_back, layout_basic
D:2:      layout_loops_ring, serial_shops, nicolae_shop_getting_attention,
          minmay_split_cup_large
D:3:      layout_loops_ring, grunt_gozag_statues
D:4:      layout_loops_ring, uniq_menkaure
D:5:      layout_layer_cave, okawaru_metal_pillars_1_2,
          minmay_temple_entry_wispy, portal_sewer_entry_b
D:6:      layout_rooms, old_standard_altar, makhleb_grotto_becter,
          nicolae_shop_distant_corner_stores, nicolae_lava_and_water,
          minmay_misc_feat_cross, amcnicky_mini_corridor_feature, uniq_maggie,
          uniq_sigmund, uniq_blork_the_orc
D:7:      layout_rooms, kiku_gazebo_pond_becter, serial_demonic,
          serial_demonic_b, serial_demonic_a, serial_demonic_e,
          serial_demonic_b, uniq_duvessa, uniq_prince_ribbit1
D:8:      layout_basic, nicolae_qazlal_general_emergency, serial_shops,
          nicolae_shop_real_fake_doors
D:9:      layout_cave_pools, old_standard_altar, nicolae_overflow_two_pavilions,
          david_lair_shrubbed, hellmonk_bongcloud_opening
D:10:     layout_basic, lightli_fourway_metalbox
D:11:     layout_roguey, orc_david_3, serial_corexii_hall,
          corexii_hall_statues_t, corexii_hall_statues_x,
          chequers_hall_statues_wall_a, uniq_erica
D:12:     minmay_the_grid_4x2 [minmay_the_grid_outer_circle,
          minmay_the_grid_box_x, minmay_the_grid_eight,
          minmay_the_grid_dragon_b, minmay_the_grid_slots,
          minmay_the_grid_minigrid_small_alt, minmay_the_grid_broken_lines,
          minmay_the_grid_prize_diamond_cup], layout_basic,
          minmay_guarded_unrand_finisher, uniq_erolcha, uniq_nessos
D:13:     layout_irregular_city
D:14:     layout_loops_cross, skrybe_vaults_entry_preservation, serial_shops,
          shop, minmay_misc_feat_secret_circle, nicolae_elyvilon_peaceful_grove,
          uniq_agnes, uniq_kirke
D:15:     grunt_enter_depths_giant_problem, layout_rooms,
          portal_ice_cave_entry_pillars_2, minmay_crystal_water,
          grunt_ministairs_11
Lair:1:   layout_chaotic_city
Lair:2:   layout_long_grid, dummy_snake_entry, lemuel_fruit_fields
Lair:3:   layout_roguey [special_room_bee], minmay_shoals_entry_beasts
Lair:4:   layout_misc_corridors, uniq_rupert
Lair:5:   guppyfry_lair_end_dragon, layout_regular_city,
          hangedman_lair_in_review, dpeg_slime_entry_enclosed
Snake:1:  layout_rooms, serial_shops, nicolae_shop_mannequins, basic_altar,
          uniq_aizul
Snake:2:  layout_layer_cave, nicolae_elevator_lobby_plus, uniq_asterion
Snake:3:  layout_concentric_octagons, nicolae_shop_firing_range, uniq_vashnia,
          uniq_louise
Orc:1:    layout_caves
Orc:2:    st_orc_elflike, layout_diamond_mine, led_sif_book

Skill      XL: |  1  2  3  4  5  6  7  8  9 10 11 12 13 14 15 16 |
---------------+-------------------------------------------------+-----
Earth Magic    | 3 4 5 6 7 |  7.0
Spellcasting   | 2 3 4 5 6 7 9 10 | 10.9
Conjurations   | 1 2 3 4 5 6 7 8 9 10 14 15 | 15.1
Fighting       | 2 3 4 5 7 8 9 |  9.0
Dodging        | 2 3 4 5 6 |  6.5
Stealth        | 2 3 4 5 |  5.0
Armour         | 1 2 3 4 5 |  5.8
Ice Magic      | 2 4 6 8 |  8.0
Air Magic      | 2 6 8 9 10 11 | 11.0
Shields        | 4 5 6 |  6.3
Necromancy     | 4 |  4.7
Long Blades    | 1 2 |  2.7
Transmutations | |  0.8

Action                     |  1- 3 |  4- 6 |  7- 9 | 10-12 | 13-15 | 16-18 || total
---------------------------+-------+-------+-------+-------+-------+-------++-------
  Melee: Dagger            |    14 |     3 |    17 |       |       |       ||    34
         Staff             |       |     2 |       |     1 |     9 |       ||    12
         Punch             |       |       |     1 |       |       |       ||     1
         Mace              |       |       |     8 |    54 |    17 |       ||    79
         Morningstar       |       |       |     1 |     3 |     7 |       ||    11
         Falchion          |       |       |       |       |     5 |       ||     5
         Demon blade       |       |       |       |       |       |    12 ||    12
  Throw: Dart              |       |       |     1 |     1 |     1 |       ||     3
         Throwing net      |       |       |     1 |       |       |       ||     1
   Cast: Sandblast         |    59 |    49 |    13 |       |       |       ||   121
         Stone Arrow       |       |     8 |   162 |   156 |   135 |     3 ||   464
         Freezing Cloud    |       |       |       |    42 |   106 |     1 ||   149
         Hailstorm         |       |       |       |    20 |    17 |       ||    37
         Arcjolt           |       |       |       |    47 |   173 |     4 ||   224
         Orb of Destructio |       |       |       |       |   139 |    15 ||   154
         Borgnjor's Vile C |       |       |       |       |    32 |    15 ||    47
         Conjure Ball Ligh |       |       |       |       |    10 |     8 ||    18
  Evoke: Wand              |       |       |       |     5 |       |       ||     5
    Use: Scroll            |     6 |     7 |     6 |     5 |    13 |       ||    37
         Potion            |       |       |       |     2 |     1 |       ||     3
   Stab: Sleeping          |     1 |       |       |       |       |       ||     1
 Armour: Robe              |     9 |       |       |       |       |       ||     9
         Leather armour    |       |    11 |    31 |    83 |    16 |       ||   141
         Troll leather arm |       |       |       |       |    54 |     5 ||    59
  Dodge: Dodged            |    23 |    16 |    74 |   115 |   172 |    21 ||   421
  Block: Kite shield       |       |       |     4 |       |     4 |    16 ||    24
         Buckler           |       |       |       |    56 |    71 |       ||   127
